 Dungeon Crawl Stone Soup version 0.19.1-1-g22dce08 (webtiles) character file.

102 dngmouse the Chopper (level 4, 0/40 HPs)
             Began as a Hill Orc Monk on Jan 16, 2017.
             Slain by bear's ghost (14 damage)
             ... on level 4 of the Dungeon.
             The game lasted 00:09:51 (2500 turns).

dngmouse the Chopper (Hill Orc Monk)                Turns: 2500, Time: 00:09:51

Health: 0/40       AC:  8    Str: 14    XL:     4   Next: 78%
Magic:  4/4        EV:  7    Int: 10    God:
Gold:   167        SH:  0    Dex: 13    Spells: 0 memorised, 3 levels left

rFire  . . .     SeeInvis .     a - +0 hand axe
rCold  . . .     Gourm    .     e - +0 chain mail
rNeg   . . .     Faith    .     (no shield)
rPois  .         Spirit   .     (no helmet)
rElec  .         Reflect  .     (no cloak)
rCorr  .         Harm     .     (no gloves)
MR     .....                    (no boots)
Stlth  ..........               (no amulet)
                                (no ring)
                                i - ring of flight

@: no status effects
A: no striking features
a: Evoke Flight


You were on level 4 of the Dungeon.
You were hungry.

You visited 1 branch of the dungeon, and saw 4 of its levels.

You collected 167 gold pieces.

Inventory:

Hand Weapons
 a - a +0 hand axe (weapon)
Armour
 e - a +0 chain mail (worn)
Jewellery
 i - a ring of flight (left hand)
 s - a cursed ring of teleportation {unknown}
Scrolls
 f - a scroll of noise {unknown}
 h - a scroll of fear {unknown}
 j - 4 scrolls of identify {unknown}
 m - a scroll of remove curse {unknown}
 n - 3 scrolls of amnesia {unknown}
 o - a scroll of enchant armour {unknown}
 r - a scroll of magic mapping {unknown}
 u - a scroll of teleportation {unknown}
Potions
 g - a potion of cancellation {unknown}
 k - a potion of curing
 p - 2 potions of might {unknown}
 q - 2 potions of flight {unknown}
Comestibles
 b - 3 meat rations
 c - a bread ration
 l - a slice of pizza
 t - a beef jerky


   Skills:
 - Level 4.0 Fighting
 * Level 6.1 Axes
 + Level 2.1 Armour
 - Level 2.4 Dodging
 - Level 1.5 Stealth


You had 3 spell levels left.
You didn't know any spells.

Dungeon Overview and Level Annotations

Branches:
Dungeon (4/15)
 Temple: D:4-7

Altars:

Annotations:
D:4 bear's ghost, amateur DDFi


Message History

The hound skeleton is moderately damaged.
You hit bear's ghost but do no damage. The hound skeleton bites you.
Bear's ghost barely misses you.
You hit the hound skeleton.
The hound skeleton is severely damaged.
You hit bear's ghost but do no damage.
The hound skeleton bites you but does no damage.
Bear's ghost hits you.
You completely miss the hound skeleton.
The hound skeleton is severely damaged.
You hit bear's ghost but do no damage. The hound skeleton barely misses you.
Bear's ghost hits you!
You barely miss the hound skeleton.
The hound skeleton is severely damaged.
You hit bear's ghost but do no damage.
The hound skeleton bites you but does no damage. x2
Bear's ghost hits you!
The hound skeleton bites you but does no damage.
Bear's ghost hits you!
You die...

###
..#
#.#
####.#
....#
#..#
#.@#
#WZ#
#.S#
....
.#..#
..#...
#.
#..#
#.
....


You could see bear's ghost, an adder and a hound skeleton.

Vanquished Creatures
  Terence (D:2)
  2 adders (D:2)
  4 worms
  2 leopard geckos
  An orc (D:3)
  2 ball pythons (D:1)
  2 giant cockroaches
  3 hobgoblins
  6 jackals
  A quokka (D:2)
  4 bats
  3 frilled lizards
  4 goblins
  9 kobolds
  A rat (D:2)
  2 plants (D:1)
47 creatures vanquished.

Notes
Turn   | Place    | Note
-------+----------+-------------------------------------------
     0 | D:1      | dngmouse the Hill Orc Monk began the quest for the Orb.
     0 | D:1      | Reached XP level 1. HP: 19/19 MP: 1/1
   333 | D:1      | Reached XP level 2. HP: 26/27 MP: 2/2
  1163 | D:2      | Reached skill level 5 in Axes
  1163 | D:2      | Reached XP level 3. HP: 16/33 MP: 3/3
  1427 | D:2      | Reached skill level 1 in Armour
  1611 | D:2      | Noticed Terence
  1642 | D:2      | Killed Terence
  1642 | D:2      | Reached XP level 4. HP: 40/40 MP: 4/4
  1807 | D:2      | Reached skill level 6 in Axes
  2488 | D:4      | Noticed bear's ghost (amateur DDFi)
  2500 | D:4      | Slain by bear's ghost

Skill      XL: |  1  2  3  4 |
---------------+-------------+-----
Fighting       | 4 |  4.0
Axes           | 5 6 |  6.1
Armour         | 1 2 |  2.1
Dodging        | |  2.4
Stealth        | |  1.5

Action                   |  1- 3 |  4- 6 || total
-------------------------+-------+-------++-------
Melee: Hand axe          |   242 |    55 ||   297
  Use: Potion            |     2 |       ||     2
  Eat: Chunk             |     2 |     3 ||     5
Armor: Chain mail        |    69 |    29 ||    98
       Robe              |     1 |       ||     1
       Skin              |    28 |     7 ||    35
Dodge: Dodged            |    49 |    23 ||    72
